 Dungeon Crawl Stone Soup version 0.20-b1-18-gaa2fd62 (webtiles) character file.

1531 mike2R the Destroyer (level 8, -7/46 HPs)
             Began as a Deep Elf Conjurer on May 23, 2017.
             Was an Initiate of Sif Muna.
             Shot with an arrow by a centaur (12 damage)
             ... on level 6 of the Dungeon on May 24, 2017.
             The game lasted 00:46:47 (8157 turns).

mike2R the Destroyer (Deep Elf Conjurer)            Turns: 8157, Time: 00:46:48

Health: -7/46      AC:  3    Str:  5    XL:     8   Next: 55%
Magic:  16/20      EV: 16    Int: 23    God:    Sif Muna [......]
Gold:   398        SH:  0    Dex: 15    Spells: 3/21 levels left

rFire    . . .     SeeInvis .   y - +5 flail (drain)
rCold    . . .     Gourm    .   (no shield)
rNeg     . . .     Faith    .   e - +0 robe
rPois    .         Spirit   .   (no helmet)
rElec    .         Reflect  .   (no cloak)
rCorr    +         Harm     .   E - +0 pair of gloves
MR       .....                  (no boots)
Stlth    ++........             (no amulet)
Regen    0.2/turn               f - ring of resist corrosion
MPRegen  0.2/turn               n - ring of wizardry

@: no status effects
A: no striking features
a: Renounce Religion


You were on level 6 of the Dungeon.
You worshipped Sif Muna.
Sif Muna was noncommittal.
You were not hungry.

You visited 2 branches of the dungeon, and saw 7 of its levels.

You collected 398 gold pieces.

Inventory:

Hand Weapons
 y - a +5 flail of draining (weapon)
 H - a +1 falchion of protection
 O - a +0 spear
Missiles
 B - 13 tomahawks
 N - 3 silver tomahawks (quivered)
Armour
 e - a +0 robe (worn)
 m - a +0 leather armour
 E - a +0 pair of gloves (worn)
Jewellery
 f - a ring of resist corrosion (left hand)
 n - a ring of wizardry (right hand)
 t - an uncursed ring of flight
 D - an uncursed amulet of magic regeneration {unknown}
 L - a +2 ring of slaying {unknown}
Wands
 A - a wand of digging (24/24)
 K - a wand of paralysis (13/24)
Scrolls
 a - 2 scrolls of magic mapping
 h - 2 scrolls of identify
 j - 6 scrolls of teleportation
 k - a scroll of enchant armour {unknown}
 p - a scroll of fog
 q - 4 scrolls of amnesia
 u - a scroll of fear
 x - 2 scrolls of recharging
 C - a scroll of blinking
 I - a scroll of immolation {unknown}
 M - a scroll of torment {unknown}
Potions
 g - 2 potions of brilliance
 o - 3 potions of heal wounds
 r - 2 potions of flight
 s - a potion of invisibility {unknown}
 v - a potion of might
 w - 2 potions of curing {unknown}
 z - a potion of mutation {unknown}
 F - a potion of agility
 G - a potion of haste {unknown}
Books
 b - a book of Conjurations

   Spells                             Type                      Level
   a - Magic Dart                     Conjuration                  1
   b - Searing Ray                    Conjuration                  2
   c - Dazzling Spray                 Conjuration/Hexes            3
   d - Fulminant Prism                Conjuration/Hexes            4
   e - Force Lance                    Conjuration/Translocation    4
   f - Iskenderun's Mystic Blast      Conjuration                  4
Comestibles
 c - 4 bread rations
 i - 5 royal jellies
 l - 4 meat rations
 J - 13 chunks of flesh


   Skills:
 + Level 3.4 Fighting
 + Level 6.0 Dodging
 - Level 2.4 Stealth
 - Level 7.1 Spellcasting
 - Level 9.0 Conjurations


You had 3 spell levels left.
You knew the following spells:

 Your Spells              Type           Power        Failure   Level  Hunger
a - Magic Dart            Conj           ####         1%          1    None
b - Searing Ray           Conj           #####.       1%          2    None
c - Dazzling Spray        Conj/Hex       ####..       1%          3    None
d - Iskenderun's Mystic   Conj           #####...     1%          4    ###....
e - Force Lance           Conj/Tloc      ####....     4%          4    ###....
f - Fulminant Prism       Conj/Hex       ####......   4%          4    ###....


Dungeon Overview and Level Annotations

Branches:
Dungeon (6/15)             Temple (1/1) D:6

Altars:
Ashenzari
Cheibriados
Dithmenos
Elyvilon
Fedhas
Gozag
Hepliaklqana
Kikubaaqudgha
Makhleb
Nemelex Xobeh
Okawaru
Qazlal
Sif Muna
Trog
Uskayaw
Vehumet
Xom
Yredelemnul
Zin
The Shining One


Message History

The centaur shoots an arrow.
The arrow hits you!
Casting: Magic Dart
Confirm with . or Enter, or press ? or * to list all spells.
Aiming: Magic Dart
Press: ? - help, Shift-Dir - straight line, f/p - centaur
Aim: a centaur, wielding a shortbow (severely wounded)
The magic dart hits the centaur.
The centaur is almost dead.
The centaur shoots an arrow.
The arrow misses you.
The centaur shoots an arrow.
The arrow hits you!
* * * LOW HITPOINT WARNING * * *
Casting: Magic Dart
Confirm with . or Enter, or press ? or * to list all spells.
Aiming: Magic Dart
Press: ? - help, Shift-Dir - straight line, f/p - centaur
Aim: a centaur, wielding a shortbow (almost dead)
The magic dart hits the centaur.
The centaur is almost dead.
The centaur shoots an arrow.
The arrow hits you!
You die...

...............,,,,,,,,,,,,*
.........................,,*
..........................,*
>........o..c.............,*
..........................,*
..........................,*
÷.........................,*
..........................,*
................@(........,*
.[....................########
........#####....(.(.##......###
#########...##).######.........##
##....÷##)# #...........#
#.......#.#####............
#..._[........#....#####...
#.......#####.#........#...
##.....## #.#....#...#...


You could see a centaur and an orc wizard (wandering).

Vanquished Creatures
  An orc warrior (D:6)
  A phantom (D:6)
  An ogre (D:3)
  A centaur (D:6)
  The ghost of juanjsm the Sneak, an amateur SpEn (D:3)
  2 bullfrogs (D:6)
  A scorpion (D:4)
  A howler monkey (D:3)
  A bullfrog zombie (D:5)
  A bullfrog skeleton (D:6)
  3 gnoll shamans (D:3)
  2 hounds
  A jelly (D:5)
  2 orc wizards
  An iguana (D:5)
  A worker ant (D:5)
  A hound zombie (D:5)
  34 gnolls (D:3)
  5 adders
  A shadow imp (D:5)
  An adder skeleton (D:4)
  2 worms
  4 leopard geckos
  27 orcs
  3 ball pythons
  5 giant cockroaches
  6 goblins
  4 hobgoblins
  35 jackals
  2 quokkas
  3 bats (D:3)
  8 frilled lizards
  6 kobolds
  A leopard gecko skeleton (D:4)
  A quokka skeleton (D:5)
  9 rats
179 creatures vanquished.

Vanquished Creatures (others)
  10 fulminant prisms
10 creatures vanquished.

Grand Total: 189 creatures vanquished

Notes
Turn   | Place    | Note
-------+----------+-------------------------------------------
     0 | D:1      | mike2R the Deep Elf Conjurer began the quest for the Orb.
     0 | D:1      | Reached XP level 1. HP: 10/10 MP: 6/6
   432 | D:1      | Reached XP level 2. HP: 15/15 MP: 4/8
   436 | D:1      | Learned a level 2 spell: Searing Ray
   812 | D:1      | Reached skill level 5 in Conjurations
  1124 | D:2      | Found a shimmering altar of Xom.
  1165 | D:2      | Reached XP level 3. HP: 19/19 MP: 8/10
  1170 | D:2      | Learned a level 3 spell: Dazzling Spray
  1966 | D:3      | Found a shattered altar of Ashenzari.
  2043 | D:3      | Reached XP level 4. HP: 15/24 MP: 0/11
  2049 | D:3      | Learned a level 4 spell: Iskenderun's Mystic Blast
  2263 | D:3      | Reached skill level 5 in Spellcasting
  2675 | D:3      | Reached XP level 5. HP: 28/28 MP: 5/15
  2803 | D:3      | Noticed juanjsm's ghost (amateur SpEn)
  2831 | D:3      | Learned a level 4 spell: Force Lance
  3493 | D:3      | Reached XP level 6. HP: 30/32 MP: 11/18
  3503 | D:3      | Learned a level 4 spell: Fulminant Prism
  3503 | D:3      | Upgraded the game from 0.20-b1-14-g8425815 to 0.20-b1-18-gaa2fd62
  3596 | D:3      | Reached skill level 6 in Conjurations
  3937 | D:3      | Killed juanjsm's ghost
  3937 | D:3      | Reached skill level 7 in Conjurations
  4137 | D:3      | Reached XP level 7. HP: 36/36 MP: 2/19
  4420 | D:3      | Reached skill level 8 in Conjurations
  5372 | D:4      | Found a burning altar of Makhleb.
  5741 | D:4      | Reached skill level 9 in Conjurations
  6147 | D:5      | Entered Level 5 of the Dungeon
  6158 | D:5      | Reached skill level 1 in Fighting
  6213 | D:5      | Found a stormy altar of Qazlal.
  6616 | D:5      | Reached XP level 8. HP: 44/44 MP: 16/20
  6854 | D:5      | Found a shadowy altar of Dithmenos.
  7021 | D:6      | Found a staircase to the Ecumenical Temple.
  7031 | Temple   | Entered the Ecumenical Temple
  7120 | Temple   | Became a worshipper of Sif Muna the Loreminder
  7267 | D:6      | Found a sparkling altar of Nemelex Xobeh.
  7602 | D:6      | Reached skill level 5 in Dodging
  8055 | D:6      | Found an opulent altar of Gozag.
  8157 | D:6      | Shot with an arrow by a centaur

Skill      XL: |  1  2  3  4  5  6  7  8 |
---------------+-------------------------+-----
Conjurations   | 5 7 9 |  9.0
Spellcasting   | 5 7 |  7.1
Fighting       | 1 3 |  3.4
Dodging        | 3 6 |  6.0
Stealth        | |  2.4

Action                   |  1- 3 |  4- 6 |  7- 9 || total
-------------------------+-------+-------+-------++-------
Melee: Flail             |       |    14 |     2 ||    16
 Cast: Magic Dart        |    61 |    96 |   111 ||   268
       Searing Ray       |     7 |    17 |    23 ||    47
       Dazzling Spray    |     1 |     8 |     9 ||    18
       Iskenderun's Myst |       |     1 |     4 ||     5
       Fulminant Prism   |       |     3 |     7 ||    10
       Force Lance       |       |       |     2 ||     2
  Use: Scroll            |     1 |     2 |    10 ||    13
       Potion            |     1 |     1 |     2 ||     4
 Stab: Invisible         |       |     1 |       ||     1
  Eat: Chunk             |     4 |     6 |    14 ||    24
Armor: Robe              |     1 |     3 |       ||     4
Dodge: Dodged            |    13 |    45 |    29 ||    87
